Map: Lightshade LE

Players

Serral

  • Race: Zerg Zerg
  • League: Master
  • Spawn Location: 11:00

uwuThermal (uThermal) - Winner!

  • Race: Terran Terran
  • League: Grandmaster
  • Spawn Location: 5:00

VOD

https://youtu.be/3DoQ2cHbeUg

Description

Time

  • Played on: Jan. 21, 2021, 7:45 a.m.
  • Length: 14:17
Show
View Real Time Build Order
Export as new Build Order

Serral Zerg 

Build Orders: Hatch First, Muta Ling Bane 

Get SALT Encoding   

  12  0:00  Drone  
  13  0:12  Overlord  
  13  0:16  Drone  
  14  0:31  Drone x2  
  16  0:48  Hatchery  
  15  0:51  Drone  
  15  0:55  Drone  
  17  0:58  Drone  
  18  1:09  Extractor  
  17  1:13  Spawning Pool  
  17  1:16  Drone  
  17  1:20  Drone  
  18  1:28  Drone  
  19  1:38  Drone  
  20  1:50  Drone  
  21  1:59  Queen  
  21  2:00  Queen, Zergling x2  
  21  2:01  Zergling x2  
  27  2:10  Overlord  
  27  2:11  Drone  
  27  2:12  Metabolic Boost  
  28  2:28  Hatchery  
  27  2:35  Drone x2  
  29  2:41  Drone x2  
  31  2:46  Queen  
  33  2:51  Overlord  
  33  2:55  Drone  
  33  2:57  Drone  
  35  2:59  Drone  
  36  3:12  Drone x4  
  40  3:14  Overlord  
  40  3:16  Drone  
  41  3:21  Drone  
  41  3:22  Queen  
  41  3:27  Overlord  
  44  3:32  Queen  
  46  3:41  Queen  
  46  3:43  Drone x2, Zergling x4  
  46  3:45  Drone  
  53  3:49  Drone x2  
  53  3:50  Drone  
  53  3:52  Drone  
  57  3:57  Queen  
  57  3:59  Overlord  
  59  4:03  Overlord  
  59  4:05  Drone  
  59  4:06  Drone  
  61  4:10  Zergling x4  
  61  4:11  Drone  
  61  4:12  Zergling x2  
  65  4:23  Baneling Nest, Drone x4  
  65  4:24  Drone x2  
  70  4:28  Lair  
  70  4:32  Zergling x2  
  70  4:33  Drone x3  
  70  4:37  Spore Crawler  
  73  4:39  Spore Crawler  
  73  4:40  Spore Crawler  
  73  4:45  Zergling x2  
  72  4:46  Drone x2  
  72  4:48  Extractor  
  72  4:49  Extractor, Drone x2  
  74  4:54  Overlord x2  
  74  5:07  Drone, Hatchery  
  73  5:13  Drone x8  
  73  5:14  Drone  
  83  5:17  Overlord  
  83  5:18  Drone x2  
  83  5:19  Drone  
  86  5:24  Drone  
  86  5:28  Baneling x3, Overseer  
  86  5:30  Drone x3  
  86  5:32  Extractor  
  86  5:33  Extractor x2  
  86  5:35  Spire  
  85  5:37  Zergling x4  
  85  5:39  Baneling  
  85  5:40  Drone x2  
  85  5:41  Drone  
  90  5:44  Drone x2  
  92  5:50  Overseer  
  92  5:53  Drone  
  92  5:55  Evolution Chamber  
  92  6:00  Evolution Chamber, Zergling x4  
  92  6:01  Zergling x10  
  92  6:02  Baneling  
  94  6:13  Zergling x6  
  94  6:17  Overlord  
  96  6:21  Overlord  
  96  6:23  Drone x5  
  95  6:26  Drone x2  
  95  6:28  Drone  
  94  6:34  Drone x2  
  94  6:36  Drone x3  
  94  6:38  Drone x2  
  101  6:46  Zerg Melee Weapons Level 1, Zerg Ground Armor Level 1  
  98  6:54  Centrifical Hooks  
  98  7:03  Mutalisk  
  98  7:04  Mutalisk x4  
  98  7:06  Drone x6  
  114  7:09  Spore Crawler  
  114  7:10  Extractor  
  114  7:15  Overlord x2  
  112  7:17  Mutalisk x2  
  112  7:21  Zergling x2  
  118  7:31  Zerg Flyer Weapons Level 1  
  118  7:36  Drone  
  118  7:37  Zergling x26  
  118  7:41  Pneumatized Carapace  
  118  7:42  Baneling x9  
  131  7:45  Overlord  
  131  7:49  Overlord  
  131  7:50  Zergling x4  
  133  7:55  Baneling x8  
  124  8:08  Zergling x22  
  124  8:09  Zergling x14  
  127  8:20  Mutalisk x4  
  127  8:22  Baneling  
  127  8:23  Baneling  
  127  8:25  Extractor  
  127  8:26  Drone x3  
  137  8:31  Baneling x5  
  136  8:37  Zergling x20  
  136  8:39  Baneling x6  
  145  8:43  Hatchery  
  145  8:44  Baneling x3  
  144  8:50  Overlord x3  
  144  8:51  Zergling x4  
  144  8:54  Baneling  
  144  8:55  Baneling  
  146  9:02  Zerg Ground Armor Level 2  
  146  9:05  Zergling x4  
  146  9:06  Zergling x8  
  152  9:11  Drone x2  
  152  9:13  Overlord  
  152  9:15  Mutalisk x3  
  160  9:17  Zergling x10  
  165  9:29  Zergling x6  
  165  9:30  Zergling x16  
  165  9:31  Zerg Melee Weapons Level 2  
  176  9:33  Baneling x7  
  176  9:39  Infestation Pit  
  176  9:40  Drone x6  
  176  9:41  Spine Crawler  
  180  9:45  Baneling x6  
  180  9:51  Zergling x18  
  181  9:56  Baneling x8  
  181  9:58  Zergling x10  
  183  10:02  Overlord  
  183  10:03  Overlord  
  183  10:12  Zergling x14  
  190  10:17  Baneling x16  
  188  10:26  Hive  
  184  10:28  Extractor  
  184  10:29  Drone x4  
  184  10:30  Drone x3  
  184  10:33  Mutalisk  
  184  10:35  Mutalisk  
  184  10:37  Zergling x2  
  184  10:38  Zergling x20  
  197  10:46  Mutalisk  
  199  10:54  Baneling x10  
  188  11:10  Zergling x38  
  200  11:15  Baneling x10  
  200  11:16  Zergling x12  
  196  11:20  Zergling x2  
  196  11:23  Baneling x9  
  196  11:24  Baneling  
  188  11:27  Zergling x14  
  181  11:33  Baneling x7  
  181  11:34  Baneling x3  
  181  11:36  Zerg Flyer Weapons Level 2  
  181  11:37  Zergling x12  
  185  11:43  Baneling x5  
  185  11:45  Zergling x10  
  189  11:56  Zergling x6  
  189  11:57  Zergling x4  
  182  12:02  Mutalisk x2  
  178  12:12  Mutalisk x2  
  178  12:13  Mutalisk x2  
  158  12:17  Zergling x24  
  165  12:23  Zergling x4  
  165  12:26  Adrenal Glands  
  167  12:31  Baneling  
  167  12:32  Baneling x10, Zergling x8  
  171  12:38  Baneling x5, Hatchery  
  165  12:45  Zergling x10  
  165  12:46  Hatchery  
  165  12:50  Zergling x10  
  170  12:58  Zergling x16  
  175  13:11  Baneling x6  
  175  13:12  Zergling x2  
  152  13:17  Baneling x6  
  152  13:18  Zergling x2  
  152  13:19  Zergling x16  
  157  13:23  Baneling x9, Overseer  
  157  13:30  Zergling x4  
  157  13:31  Zergling x20  
  166  13:35  Baneling  
  166  13:36  Baneling x4  
  166  13:41  Mutalisk x5  
  152  13:44  Zergling x2  
  152  13:45  Zergling x2  
  151  14:02  Baneling x5  
Show
View Real Time Build Order
Export as new Build Order

uwuThermal Terran - Winner!

Build Orders: Reaper Expand, Hellion Banshee 

Get SALT Encoding   

  12  0:02  SCV  
  13  0:14  SCV  
  14  0:18  Supply Depot  
  14  0:26  SCV  
  15  0:39  SCV  
  15  0:41  Barracks  
  16  0:44  Refinery  
  16  0:51  SCV  
  17  1:04  SCV  
  18  1:16  SCV  
  19  1:28  Orbital Command, Reaper  
  20  1:39  Command Center  
  20  1:47  Supply Depot  
  20  1:54  SCV  
  20  2:00  Marine  
  22  2:06  SCV  
  23  2:08  Factory  
  23  2:18  SCV  
  23  2:21  Barracks Reactor  
  24  2:30  SCV  
  25  2:42  SCV  
  26  2:45  Command Center  
  26  2:51  Orbital Command  
  26  2:54  SCV  
  27  3:01  Starport  
  27  3:06  Refinery  
  27  3:07  SCV  
  27  3:12  Hellion  
  30  3:15  Hellion  
  30  3:18  SCV  
  33  3:20  SCV  
  33  3:22  Barracks Tech Lab  
  34  3:30  SCV  
  35  3:35  SCV  
  35  3:36  Hellion  
  35  3:37  Hellion  
  40  3:42  SCV  
  40  3:45  Banshee  
  40  3:46  Marine  
  40  3:47  SCV  
  46  3:56  Cloaking Field, SCV  
  46  3:58  Hellion  
  46  4:00  Orbital Command  
  46  4:01  SCV  
  50  4:07  Hellion  
  50  4:09  SCV  
  53  4:11  Supply Depot  
  53  4:13  SCV  
  54  4:21  SCV  
  54  4:22  Hellion  
  57  4:27  SCV  
  57  4:28  Hellion  
  59  4:32  Banshee  
  59  4:33  SCV x2  
  59  4:35  Barracks Tech Lab, Supply Depot  
  64  4:39  SCV  
  64  4:43  Supply Depot  
  64  4:44  Hellion  
  64  4:45  SCV  
  69  4:53  Orbital Command  
  69  4:54  Armory, SCV  
  69  4:57  SCV, Hellion, Marine, Stimpack  
  73  5:00  Supply Depot  
  73  5:05  Hellion  
  73  5:06  SCV  
  76  5:09  SCV  
  76  5:12  Barracks x2  
  77  5:18  SCV  
  77  5:19  SCV  
  79  5:21  SCV  
  79  5:25  Marine  
  81  5:29  Engineering Bay x2  
  81  5:30  SCV, Refinery, Supply Depot  
  81  5:31  SCV  
  81  5:32  Hellion, Refinery  
  81  5:34  Starport Reactor  
  81  5:35  Hellion  
  87  5:37  SCV  
  87  5:42  SCV  
  89  5:43  Marine  
  89  5:44  SCV  
  89  5:49  SCV  
  92  5:52  Supply Depot  
  92  5:53  Hellion  
  92  5:54  SCV  
  92  5:56  SCV  
  96  6:00  Hellion  
  96  6:01  SCV  
  96  6:03  Supply Depot  
  99  6:06  SCV  
  99  6:08  SCV  
  101  6:15  SCV  
  101  6:18  Barracks Reactor x2  
  103  6:19  SCV  
  103  6:23  Hellion x2, Marine  
  100  6:25  Terran Infantry Armor Level 1, Terran Infantry Weapons Level 1  
  100  6:26  SCV  
  100  6:28  Barracks, SCV  
  100  6:29  Barracks  
  100  6:31  SCV, Supply Depot  
  101  6:37  Refinery  
  101  6:38  SCV  
  101  6:39  Combat Shield  
  102  6:41  SCV, Marine  
  102  6:44  Refinery  
  102  6:45  SCV, Supply Depot  
  103  6:47  Hellion  
  103  6:50  SCV  
  103  6:51  Medivac  
  103  6:52  Medivac  
  108  6:55  Marine x2  
  108  6:59  Marine, Factory  
  108  7:01  Widow Mine  
  113  7:02  Missile Turret  
  113  7:06  Missile Turret  
  113  7:08  Missile Turret, Marine, Widow Mine  
  116  7:11  Marine  
  116  7:12  Terran Vehicle And Ship Armor Level 1  
  116  7:14  Marine x2  
  119  7:16  Barracks Reactor x2  
  119  7:20  Marine  
  120  7:23  Medivac x2  
  120  7:25  Missile Turret  
  120  7:26  Marine, Supply Depot  
  120  7:28  Marine, Supply Depot  
  120  7:29  Widow Mine  
  130  7:30  Widow Mine  
  130  7:32  Marine  
  130  7:33  Marine  
  132  7:38  Marine  
  132  7:42  Supply Depot  
  132  7:43  Supply Depot  
  133  7:45  Drilling Claws  
  133  7:47  Command Center  
  133  7:48  Marine, Widow Mine  
  133  7:50  Widow Mine  
  138  7:51  Marine  
  138  7:52  Marine x2  
  138  7:56  Supply Depot  
  138  7:58  Marine  
  132  8:08  Marine, Supply Depot  
  132  8:09  Marine x4  
  132  8:10  Widow Mine  
  132  8:18  Thor  
  132  8:19  Widow Mine  
  121  8:20  Marine x2  
  121  8:21  Marine x2  
  121  8:24  Medivac x2  
  121  8:26  SCV, Marine  
  121  8:27  Marine  
  131  8:28  Marine  
  131  8:32  Terran Infantry Armor Level 2  
  133  8:38  Terran Infantry Weapons Level 2  
  133  8:40  Missile Turret x2  
  133  8:46  Widow Mine x2  
  136  8:48  Marine x2  
  136  8:49  SCV  
  136  8:50  SCV x2, Marine  
  136  8:51  Marine x2  
  144  8:57  Marine x2  
  144  9:01  SCV  
  145  9:04  SCV  
  145  9:06  SCV  
  145  9:08  Thor  
  145  9:09  Widow Mine x2  
  155  9:11  Marine x2  
  155  9:14  SCV  
  155  9:16  Terran Vehicle Weapons Level 1  
  158  9:18  SCV, Marine  
  158  9:19  Marine  
  158  9:20  Marine  
  158  9:21  Marine x2  
  164  9:30  Planetary Fortress  
  161  9:32  Widow Mine x2  
  161  9:34  SCV, Marine x2  
  161  9:35  Marine  
  161  9:37  Marine  
  167  9:42  Medivac  
  167  9:45  Marine x3  
  173  9:54  Thor, Marine, Widow Mine  
  173  9:55  Marine  
  173  9:56  Marine  
  173  9:59  Marine x2  
  183  10:00  Supply Depot  
  183  10:03  Marine, Widow Mine  
  183  10:04  Marine  
  185  10:07  Sensor Tower, Marine, Marauder  
  185  10:10  Liberator  
  185  10:13  Liberator  
  190  10:16  Widow Mine  
  190  10:18  Marine x3  
  195  10:30  Marine x2, Command Center  
  194  10:37  Marine x2  
  196  10:43  Barracks x2  
  196  10:44  Barracks  
  196  10:46  Marine x2  
  196  10:47  Marauder  
  200  10:53  Terran Infantry Armor Level 3  
  200  11:04  Liberator  
  181  11:18  Marine x2  
  181  11:19  Marauder  
  181  11:21  Marine  
  164  11:35  Barracks Tech Lab  
  164  11:36  Barracks Tech Lab, Supply Depot x3  
  164  11:38  Supply Depot  
  163  11:41  Marine x8  
  171  11:47  Orbital Command  
  171  11:55  Marine  
  171  11:56  Marauder, Widow Mine  
  171  11:57  Thor  
  171  11:58  Hellion  
  171  11:59  Marine  
  174  12:01  Marine x2  
  174  12:02  Marine, Marauder  
  174  12:04  Marine x2, Marauder  
  180  12:12  Marine x2  
  180  12:13  Marine  
  153  12:17  Marauder  
  153  12:18  Marine, Widow Mine  
  153  12:19  Marine  
  145  12:26  Marine x2, Widow Mine  
  145  12:27  Marauder  
  151  12:31  Marine x2  
  153  12:38  Marine  
  153  12:39  Marauder  
  153  12:40  Thor  
  154  12:45  Marine x2, Marauder  
  154  12:46  Marine  
  154  12:47  Marine x2  
  154  12:48  Marauder  
  163  12:52  Marine x2  
  163  12:54  Marine  
  163  12:58  Marine  
  163  13:00  Marauder, Widow Mine  
  163  13:03  Marine  
  164  13:07  Marauder  
  164  13:09  Marauder  
  164  13:10  Marine x4  
  164  13:12  Widow Mine  
  151  13:19  Orbital Command  
  149  13:22  Marine x3, Marauder  
  149  13:23  SCV x2  
  149  13:25  Medivac x2  
  160  13:28  Marauder  
  160  13:34  Marine x2, Marauder  
  162  13:39  Marine  
  162  13:40  Marine  
  162  13:43  Marauder  
  162  13:44  Marine  
  162  13:45  Marine  
  162  13:56  Marine  
  162  13:57  Marine x3  
Tags
 
Add a new tag
Caveats
  • Supply blocks, unpowered buildings, or Contaminate may cause inaccurate times.
  • Supply counts are checked every 10 seconds.